 Dungeon Crawl Stone Soup version 0.31-a0-549-gf98fd537a9 (webtiles) character file.

Game seed: 3850541368790833977

99 AdnanSaban the Shield-Bearer (level 4, -3/29 HPs)
             Began as a Gargoyle Fighter on Aug 16, 2023.
             Slain by Natasha (6 damage)
             ... on level 3 of the Dungeon.
             The game lasted 00:01:15 (1209 turns).

AdnanSaban the Shield-Bearer (Gargoyle Fighter)     Turns: 1209, Time: 00:01:15

Health: -3/29      AC: 10    Str: 22    XL:     4   Next: 72%
Magic:  4/4        EV:  9    Int:  8    God:
Gold:   60         SH:  4    Dex:  9    Spells: 3/3 levels left

rFire   . . .        a - +0 flail
rCold   . . .        c - +0 buckler
rNeg    + . .        b - +0 scale mail
rPois   ∞            (no helmet)
rElec   +            (no cloak)
rCorr   .            (no gloves)
SInv    .            (no boots)
Will    .....        (no amulet) Stlth
                     (no ring)
HPRegen 0.24/turn    (no ring)
MPRegen 0.09/turn

%: no passive effects
@: slowed, very slow
A: sickness immunity, AC +3, negative energy resistance 1, electricity
resistance, torment resistance 1, petrification resistance
a: no special abilities


You were on level 3 of the Dungeon.
You visited 1 branch of the dungeon, and saw 3 of its levels.

You collected 60 gold pieces.

Inventory:

Hand Weapons
 a - a +0 flail (weapon)
Missiles
 g - 8 poisoned darts
Armour
 b - a +0 scale mail (worn)
 c - a +0 buckler (worn)
Jewellery
 e - a +5 ring of evasion
 f - a +5 ring of evasion
Potions
 d - a potion of might
 h - a potion of brilliance {unknown}
 i - a potion of curing {unknown}


   Skills:
 + Level 3.8 Fighting
 + Level 3.1 Maces & Flails
 + Level 3.9 Armour
 + Level 0.1 Dodging
 + Level 4.1 Shields


You had 3 spell levels left.
You didn't know any spells.
Your spell library contained the following spells:

 Spells                   Type           Power      Damage    Failure   Level
 Kiss of Death            Conj/Necr      0%         2d5       80%         1
 Confusing Touch          Hex            0%         N/A       99%         3
 Dispel Undead            Necr           0%         3d6       100%        4


Dungeon Overview and Level Annotations

Branches:
Dungeon (3/15)

Altars:

Shops:
D:1 *   D:2 :

Annotations:
D:2 Jessica
D:3 Natasha


Innate Abilities, Weirdness & Mutations

You are immune to sickness and miasma.
Your stone body is resilient. (AC +3)
You are immune to poison.
You resist negative energy. (rN+)
You are resistant to electric shocks. (rElec)
You are resistant to unholy torment.
You are immune to petrification.


Message History

You kill Natasha!
Natasha yowls pathetically as she dies!
The cerulean imp disappears in a puff of smoke!
Your Shields skill increases to level 4!
Natasha, Servant of Life and Death comes into view.
Natasha is nearby!
Natasha is nearby!
You are too injured to fight recklessly!
Natasha casts a spell.
The cerulean imp hits you but does no damage.
Natasha hisses.
Natasha claws you.
Natasha stares at you and mumbles some strange words.
You feel yourself slow down.
Natasha growls.
Natasha attacks as you move away! Natasha claws you but does no damage.
The cerulean imp hits you but does no damage.
Natasha mumbles some strange words.
Natasha shimmers violently.
Natasha claws you.
* * * LOW HITPOINT WARNING * * *
The cerulean imp barely misses you. Natasha barely misses you.
Jessica the Apprentice Sorceress comes into view.
She is wielding a +0 club.
Jessica shouts!
There is a stone staircase leading down here.
Natasha closely misses you. The cerulean imp barely misses you.
Jessica gestures wildly while chanting.
Jessica blinks!
Natasha mumbles some strange words.
The cerulean imp barely misses you.
You climb downwards.
The cerulean imp disappears in a puff of smoke! x2
Found a dagger and 11 gold pieces.
There is a stone staircase leading up here.
Natasha claws you!
* * * LOW HITPOINT WARNING * * *
You sock Natasha!
Natasha is heavily wounded.
Natasha claws you.
You die...

..w ... .. .. .#
. $#
....#####.######
..)....@h.......
...######.##....
..# # .... ..###
###


You could see Natasha.

Vanquished Creatures
  Natasha (twice) (D:2)
  A worm (D:2)
  A dart slug (D:2)
  An orc (D:2)
  5 ball pythons
  3 bats (D:1)
  3 endoplasms (D:1)
  2 goblins (D:2)
  3 hobgoblins
  6 jackals (D:1)
  5 kobolds
  4 frilled lizards
  8 rats
44 creatures vanquished.

Notes
Turn   | Place    | Note
-------+----------+-------------------------------------------
     0 | D:1      | AdnanSaban the Gargoyle Fighter began the quest for the
                  | Orb.
     0 | D:1      | Reached XP level 1. HP: 14/14 MP: 1/1
   251 | D:1      | Reached XP level 2. HP: 19/19 MP: 2/2
   333 | D:1      | Found a faded altar of an unknown god.
   588 | D:1      | Reached XP level 3. HP: 24/24 MP: 3/3
   890 | D:1      | Found Bawni's General Store.
  1043 | D:2      | Found Anopn's Book Boutique.
  1132 | D:2      | Noticed Natasha
  1145 | D:2      | Killed Natasha
  1146 | D:2      | Reached XP level 4. HP: 13/29 MP: 4/4
  1168 | D:2      | Noticed Natasha
  1176 | D:2      | Killed Natasha
  1177 | D:2      | Reached skill level 4 in Shields
  1184 | D:2      | Noticed Natasha
  1205 | D:2      | Noticed Jessica
  1209 | D:3      | Slain by Natasha

Illustrated notes

Levels and vault maps discovered:
D:1:      dpeg_arrival_concentric_ovals, layout_basic, serial_rivers,
          chequers_serial_rivers_room_a, chequers_serial_rivers_small_3,
          chequers_serial_rivers_small_a, chequers_serial_rivers_room_a,
          chequers_serial_rivers_micro_b, chequers_serial_rivers_micro_b,
          serial_shops, shop, ebering_ecumenical_altar_sacrificial,
          hangedman_decor_points
D:2:      minmay_wonky_spiral, layout_basic, serial_shops, nicolae_shop_stone,
          uniq_jessica, uniq_natasha
D:3:      gammafunk_wand_slinger, layout_rooms,
          nicolae_hepliaklqana_hazy_memory, uniq_terence

Skill      XL: |  1  2  3  4 |
---------------+-------------+-----
Maces & Flails | 3 |  3.1
Shields        | 4 |  4.1
Fighting       | |  3.8
Armour         | |  3.9
Dodging        | |  0.1

Action                     |  1- 3 |  4- 6 || total
---------------------------+-------+-------++-------
  Melee: Flail             |   112 |     8 ||   120
 Armour: Scale mail        |    60 |     5 ||    65
  Dodge: Dodged            |    76 |     8 ||    84
  Block: Buckler           |    19 |       ||    19

Table legend: (Time is in decaauts)
 A = Elapsed time spent in this place.
 B = Non-inter-level travel time spent in this place.
 C = Inter-level travel time spent in this place.
 D = Time resting spent in this place.
 E = Time spent auto-exploring this place.
 F = Levels seen in this place.
 G = Mean time per level.
                   A        B        C        D        E       F      G
               +--------+--------+--------+--------+--------+-----+--------+
         Total |   1264 |   1248 |     16 |      0 |    944 |   3 |  421.3 |
       Dungeon |   1264 |   1248 |     16 |      0 |    944 |   3 |  421.3 |
               +--------+--------+--------+--------+--------+-----+--------+

Top non-repeatable levels by time:
     D:1: 1047 daAuts
     D:2: 214 daAuts
     D:3: 2 daAuts
